 Dungeon Crawl Stone Soup version 0.30.0-10-gfe55d96785 (webtiles) character file.

Game seed: 243904639893832890

288 Byczy the Chopper (level 6, -24/46 HPs)
             Began as a Vampire Gladiator on May 15, 2023.
             Annihilated by an ogre
             ... wielding a +0 giant club
              (25 damage)
             ... on level 4 of the Dungeon.
             The game lasted 00:08:31 (2724 turns).

Byczy the Chopper (Vampire Gladiator)               Turns: 2724, Time: 00:08:31

Health: -24/46     AC:  6    Str: 15    XL:     6   Next: 9%
Magic:  6/6        EV: 12    Int: 11    God:
Gold:   221        SH:  0    Dex: 15    Spells: 5/5 levels left

rFire   . . .        a - +0 war axe
rCold   . . .        (no shield)
rNeg    . . .        h - +0 ring mail
rPois   .            c - +0 helmet
rElec   .            (no cloak)
rCorr   +            (no gloves)
SInv    +            (no boots)
Will    .....        j - amulet of regeneration
Stlth   +            n - ring of resist corrosion
HPRegen 1.27/turn    (no ring)
MPRegen 0.10/turn

%: no passive effects
@: brilliant, lethally poisoned (-24 -> -24), healing quickly
A: alive, fangs 3, see invisible, vampiric 2
a: Exsanguinate


You were on level 4 of the Dungeon.
You visited 1 branch of the dungeon, and saw 4 of its levels.

You collected 221 gold pieces.

Inventory:

Hand Weapons
 a - a +0 war axe (weapon)
 f - a +0 war axe
Missiles
 d - 3 throwing nets (quivered)
 e - a javelin
Armour
 b - a +0 leather armour
 c - a +0 helmet (worn)
 h - a +0 ring mail (worn)
 s - a +0 chain mail
Jewellery
 j - an amulet of regeneration (around neck)
 n - a ring of resist corrosion (left hand)
Scrolls
 g - 3 scrolls of teleportation {unknown}
 i - a scroll of fog {unknown}
 k - a scroll of silence {unknown}
 l - a scroll of immolation {unknown}
 m - 4 scrolls of identify {unknown}
 o - a scroll of poison {unknown}
 q - a scroll of enchant weapon {unknown}
 u - a scroll of blinking {unknown}
 w - a scroll of acquirement {unknown}
Potions
 p - a potion of brilliance
 r - a potion of curing {unknown}
 t - a potion of resistance {unknown}
 v - a potion of lignification {unknown}


   Skills:
 + Level 2.6 Fighting
 + Level 4.7 Axes
 + Level 1.6 Throwing
 + Level 2.0 Armour
 + Level 4.2 Dodging
 + Level 0.2 Stealth


You had 5 spell levels left.
You didn't know any spells.
Your spell library contained the following spells:

 Spells                   Type           Power      Damage    Failure   Level
 Blink                    Tloc           0%         N/A       71%         2
 Sublimation of Blood     Necr           0%         N/A       71%         2
 Hailstorm                Conj/Ice       0%         3d3       90%         3
 Ice Form                 Ice/Tmut       0%         N/A       100%        4
 Manifold Assault         Tloc           0%         N/A       100%        4
 Petrify                  Tmut/Erth      0%         N/A       100%        4
 Irradiate                Conj/Tmut      0%         3d11      100%        5
 Simulacrum               Ice/Necr       0%         N/A       100%        6
 Storm Form               Tmut/Air       0%         N/A       100%        7


Dungeon Overview and Level Annotations

Branches:
Dungeon (4/15)             Temple (0/1) D:4

Altars:
Dithmenos

Shops:
D:2 *


Innate Abilities, Weirdness & Mutations

Your natural rate of healing is accelerated.
You have razor-sharp teeth.
You have supernaturally acute eyesight. (SInv)
You are afflicted with vampirism and can become a bat while bloodless.


Message History

The jelly barely misses you.
You barely miss the scorpion.
The scorpion is lightly wounded.
You slash the jelly!
Your hands burn!
The scorpion closely misses you. The jelly hits you.
You are splashed with acid.
You resist.
You hit the scorpion but do no damage.
The scorpion is lightly wounded.
You slash the jelly!
You kill the jelly!
You hit the ogre but do no damage. The scorpion stings you.
You are poisoned.
The scorpion poisons you! The ogre barely misses you.
The scorpion barely misses you.
You have reached level 6!
You slash the scorpion!
The scorpion is heavily wounded.
You hit the ogre but do no damage.
You feel very sick. The scorpion barely misses you.
The ogre hits you with a +0 giant club!
You hit the scorpion.
The scorpion is severely wounded.
You hit the ogre.
You feel sick. The scorpion stings you. The ogre closely misses you.
The scorpion stings you but does no damage.
You barely miss the scorpion.
The scorpion is severely wounded.
You slash the ogre!
You feel sick. The scorpion barely misses you.
You hit the scorpion but do no damage.
The scorpion is severely wounded.
You hit the ogre.
You feel sick. The ogre hits you with a +0 giant club!
* * * LOW HITPOINT WARNING * * *
The scorpion stings you.
* * * LOW HITPOINT WARNING * * *
The scorpion barely misses you.
It was a potion of brilliance.
You feel clever all of a sudden.
You feel sick.
The ogre hits you with a +0 giant club!!
Ouch! That really hurt!
You die...

....... #.........
......... ..(......
......... ######..?....#
#.............
###########.###.O.......
............# #.@.......
.############ #..s......
## #......... ##....?..#
##.....## #>#### .# .###
.# ....


You could see an ogre and a scorpion.

Vanquished Creatures
  A water moccasin (D:4)
  A jelly (D:4)
  3 gnolls (D:2)
  6 adders
  A dart slug (D:2)
  5 ball pythons
  6 bats
  4 endoplasms
  3 giant cockroaches
  7 goblins
  8 hobgoblins
  4 jackals (D:1)
  12 kobolds
  2 quokkas
  3 frilled lizards
  5 rats (D:2)
71 creatures vanquished.

Notes
Turn   | Place    | Note
-------+----------+-------------------------------------------
     0 | D:1      | Byczy the Vampire Gladiator began the quest for the Orb.
     0 | D:1      | Reached XP level 1. HP: 16/16 MP: 1/1
   127 | D:1      | Reached XP level 2. HP: 6/22 MP: 2/2
   707 | D:1      | Gained mutation: You are afflicted with vampirism and can
                  | become a bat while bloodless. [Vampire growth]
   707 | D:1      | Reached XP level 3. HP: 24/24 MP: 3/3
  1033 | D:2      | Reached XP level 4. HP: 29/29 MP: 4/4
  1118 | D:2      | Found Jiukiplofu's General Store.
  1130 | D:2      | Reached skill level 1 in Armour
  1130 | D:2      | Found a shadowy altar of Dithmenos.
  1705 | D:3      | Noticed an ice beast
  2338 | D:4      | Reached XP level 5. HP: 33/34 MP: 5/5
  2340 | D:4      | Noticed a water moccasin
  2359 | D:4      | Killed a water moccasin
  2526 | D:4      | Found a staircase to the Ecumenical Temple.
  2713 | D:4      | Noticed an ogre
  2720 | D:4      | Reached XP level 6. HP: 33/46 MP: 6/6
  2723 | D:4      | HP: 1/46 [scorpion (5)]
  2724 | D:4      | Annihilated by an ogre

Illustrated notes

Levels and vault maps discovered:
D:1:      ncdulo_lavacross, layout_basic, kennysheep_flooded_box,
          chequers_serial_rivers_micro_a, minmay_tetromino_s4
D:2:      layout_loops_ring, serial_shops, nicolae_shop_trees, basic_altar
D:3:      layout_loops_ring, minmay_misc_feat_square
D:4:      layout_rooms, temple_green

Skill      XL: |  1  2  3  4  5 |
---------------+----------------+-----
Axes           | 3 4 |  4.7
Fighting       | 2 |  2.6
Armour         | 1 2 |  2.0
Dodging        | 4 |  4.2
Throwing       | |  1.6
Stealth        | |  0.2

Action                     |  1- 3 |  4- 6 || total
---------------------------+-------+-------++-------
  Melee: War axe           |    94 |   131 ||   225
         Bite              |     5 |     7 ||    12
Ability: Exsanguinate      |     1 |       ||     1
         Revivify          |     1 |       ||     1
    Use: Potion            |       |     1 ||     1
 Armour: Leather armour    |     6 |       ||     6
         Skin              |     1 |       ||     1
         Ring mail         |    43 |    67 ||   110
  Dodge: Dodged            |    54 |   118 ||   172
